 Dungeon Crawl Stone Soup version 0.24.0-123-gd5b16e6ec5 (webtiles) character file.

Game seed: 10632613520075530724, levelgen mode: deterministic

42 Bergy the Cudgeler (level 3, 0/23 HPs)
             Began as a Gargoyle Fighter on Jan 6, 2020.
             Slain by an orc priest (4 damage)
             ... on level 2 of the Dungeon.
             The game lasted 00:02:13 (1263 turns).

Bergy the Cudgeler (Gargoyle Fighter)               Turns: 1263, Time: 00:02:14

Health: 0/23       AC: 10    Str: 20    XL:     3   Next: 54%
Magic:  3/3        EV:  7    Int:  8    God:
Gold:   127        SH:  9    Dex:  9    Spells: 2/2 levels left

rFire    . . .     SeeInvis .   a - +0 flail
rCold    . . .     Gourm    .   c - +0 shield
rNeg     + . .     Faith    .   b - +0 scale mail
rPois    ∞         Spirit   .   (no helmet)
rElec    +         Reflect  .   (no cloak)
rCorr    .         Harm     .   (no gloves)
MR       .....                  (no boots)
Stlth    ..........             (no amulet)
HPRegen  0.07/turn              (no ring)
MPRegen  0.08/turn              (no ring)

@: no status effects
A: negative energy resistance 1, electricity resistance, unbreathing,
petrification resistance, rot immunity, AC +3
a: no special abilities


You were on level 2 of the Dungeon.
You were not hungry.

You visited 1 branch of the dungeon, and saw 2 of its levels.

You collected 127 gold pieces.

Inventory:

Hand Weapons
 a - a +0 flail (weapon)
Armour
 b - a +0 scale mail (worn)
 c - a +0 shield (worn)
Scrolls
 g - a scroll of noise {unknown}
 i - a scroll of enchant armour {unknown}
Potions
 d - a potion of might
 e - a potion of lignification {unknown}
 h - a potion of haste {unknown}
 k - a potion of curing {unknown}
Comestibles
 f - 5 rations
 j - 3 chunks of flesh


   Skills:
 - Level 3.2 Fighting
 * Level 3.8 Maces & Flails
 - Level 3.2 Armour
 - Level 3.2 Shields


You had 2 spell levels left.
You didn't know any spells.
Your spell library was empty.

Dungeon Overview and Level Annotations

Branches:
Dungeon (2/15)

Altars:


Innate Abilities, Weirdness & Mutations

You are resistant to torment.
Your stone body is resilient. (AC +3)
You are immune to poison.
You resist negative energy. (rN+)
You are resistant to electric shocks. (rElec)
You can survive without breathing.
You are immune to petrification.
You are immune to rotting.


Message History

The orc barely misses you.
There is a stone staircase leading up here.
You hit the orc.
The orc is heavily wounded.
The bat hits you but does no damage. The orc hits you but does no damage.
The orc barely misses you.
You closely miss the orc priest. You block the orc's attack.
The orc hits you but does no damage.
The orc priest mumbles some strange prayers to Beogh against you.
Pain shoots through your body!
Your shield prevents you from hitting the orc priest.
The orc hits you but does no damage.
The orc priest mumbles some strange prayers to Beogh against you.
Beogh smites you!
Ouch! That really hurt!
* * * LOW HITPOINT WARNING * * *
The orc closely misses you. You block the orc's attack.
You closely miss the orc priest. You block the bat's attack.
The orc priest hits you.
You die...

.. #.# ... #.#
#.###.###
#...#####.#......
#................
$....##†....#
#..#....#..##
#.....†.#..#########
..#..##.....o#>....##
##..##....†o@......#
#..........bo.......
#.....o#########....
#....... ...
#.......8 .
....#......
..........o.
....##....... ....
##..8...8


You could see an orc priest, 3 orcs and a bat.

Vanquished Creatures
  An ooze (D:1)
  A worm (D:2)
  An orc (D:1)
  A giant cockroach (D:1)
  6 goblins
  A hobgoblin (D:1)
  2 jackals (D:1)
  5 kobolds
  A quokka (D:2)
  A ball python (D:1)
  2 bats (D:1)
  5 frilled lizards (D:1)
  6 rats (D:1)
  A fungus (D:1)
34 creatures vanquished.

Vanquished Creatures (others)
  2 toadstools (D:1)
2 creatures vanquished.

Grand Total: 36 creatures vanquished

Notes
Turn   | Place    | Note
-------+----------+-------------------------------------------
     0 | D:1      | Bergy the Gargoyle Fighter began the quest for the Orb.
     0 | D:1      | Reached XP level 1. HP: 14/14 MP: 1/1
    63 | D:1      | Reached XP level 2. HP: 18/19 MP: 2/2
   578 | D:1      | Reached XP level 3. HP: 23/23 MP: 3/3
  1263 | D:2      | Slain by an orc priest

Levels and vault maps discovered:
D:1:      minmay_arrival_stone_box, layout_loops_corners,
          minmay_gold_behind_fungi, minmay_parallelograms
D:2:      cheibrodos_pilgrimage, layout_rooms, uniq_natasha

Skill      XL: |  1  2 |
---------------+-------+-----
Maces & Flails | 3 |  3.8
Fighting       | |  3.2
Armour         | |  3.2
Shields        | |  3.2

Action                   || total
-------------------------++-------
Melee: Flail             ||   124
  Eat: Chunk             ||     1
Armor: Scale mail        ||    90
Dodge: Dodged            ||    53
Block: Shield            ||    63
